 Dungeon Sprint DCSS version 0.27-a0-1177-g245c70e1c0 (webtiles) character file.

Game seed: 2322117011675159198

1537 mhtbhm the Geomancer (level 8, -3/41 HPs)
             Began as a Gargoyle Earth Elementalist on May 16, 2021.
             Was a Priest of Vehumet.
             Slain by a two-headed ogre
             ... wielding a +0 giant club
              (29 damage)
             ... in the Dungeon (Sprint III: "The Ten Rune Challenge").
             The game lasted 00:02:41 (1155 turns).

mhtbhm the Geomancer (Gargoyle Earth Elementalist)  Turns: 1155, Time: 00:02:42

Health: -3/41      AC:  7    Str: 12    XL:     8   Next: 86%
Magic:  0/23       EV: 13    Int: 18    God:    Vehumet [***...]
Gold:   25         SH:  0    Dex: 10    Spells: 15/30 levels left

rFire    . . .     SeeInvis .   (no weapon)
rCold    . . .     Faith    .   (no shield)
rNeg     + . .     Spirit   .   c - +0 robe
rPois    ∞         Reflect  .   (no helmet)
rElec    +         Harm     .   (no cloak)
rCorr    .         Rampage  .   (no gloves)
Will     .....     NoTele   +   (no boots)
Stlth    +++.......             (no amulet)
HPRegen  0.13/turn              (no ring)
MPRegen  0.18/turn              (no ring)

@: no status effects
A: sickness immunity, AC +5, negative energy resistance 1, electricity
resistance, torment resistance 1, petrification resistance
a: Renounce Religion


You were in the Dungeon.
You worshipped Vehumet.
Vehumet was most pleased with you.
You visited 1 branch You collected 25 gold pieces.

Inventory:

Missiles
 b - 8 stones
Armour
 c - a +0 robe (worn)
Scrolls
 a - a scroll of immolation {unknown}
 i - a scroll of blinking
 j - 2 scrolls of torment {unknown}
 k - 2 scrolls of identify {unknown}
Potions
 d - a potion of curing
 e - 2 potions of heal wounds
 f - a potion of haste
 g - 2 potions of magic
 h - 3 potions of berserk rage
 l - a potion of flight {unknown}
 m - a potion of brilliance {unknown}
 n - 5 potions of mutation
 o - a potion of might
Miscellaneous
 p - a tin of tremorstones (2/2)


   Skills:
 + Level 4.5 Dodging
 + Level 5.1 Stealth
 + Level 11.7 Spellcasting
 + Level 0.9 Conjurations
 + Level 1.0 Transmutations
 + Level 14.9 Earth Magic


You had 15 spell levels left.
You knew the following spells:

 Your Spells              Type           Power      Damage    Failure   Level
a - Sandblast             Erth           100%       2d20      0%          1
b - Passwall              Tmut/Erth      32%        N/A       1%          2
c - Stone Arrow           Conj/Erth      78%        3d11      1%          3
d - Lee's Rapid Deconstr  Erth           29%        3d16*     1%          5
e - Petrify               Tmut/Erth      39%        N/A       2%          4

Your spell library contained the following spells:

 Spells                   Type           Power      Damage    Failure   Level
 Poisonous Vapours        Pois/Air       20%        N/A       2%          2
 Dazzling Flash           Conj/Hex       24%        N/A       4%          3
 Animate Skeleton         Necr           20%        N/A       7%          1
 Apportation              Tloc           20%        N/A       7%          1
 Corona                   Hex            11%        N/A       7%          1
 Summon Small Mammal      Summ           40%        N/A       7%          1
 Ensorcelled Hibernation  Hex/Ice        20%        N/A       10%         2
 Confusing Touch          Hex            10%        N/A       21%         3
 Tukima's Dance           Hex            10%        N/A       21%         3


Dungeon Overview and Level Annotations

Branches:
Dungeon (1/1)

Altars:
Cheibriados
Dithmenos
Elyvilon
Fedhas
Gozag
Hepliaklqana
Kikubaaqudgha
Makhleb
Nemelex Xobeh
Okawaru
Qazlal
Ru
Sif Muna
Trog
Uskayaw
Vehumet
Wu Jian
Xom
Yredelemnul
Zin
The Shining One
Beogh
Jiyva
Lugonu


Innate Abilities, Weirdness & Mutations

You are immune to sickness and miasma.
Your stone body is resilient. (AC +5)
You are immune to poison.
You resist negative energy. (rN+)
You are resistant to electric shocks. (rElec)
You are resistant to unholy torment.
You are immune to petrification.


Message History

Casting: Sandblast (safe; 0% risk of failure)
Confirm with . or Enter, or press ? or * to list all spells.
Aiming: Lee's Rapid Deconstruction (safe; 1% risk of failure)
Press: ? - help, Dir - move target A rock wall.
The wall shatters!
The blast of rock fragments hits the two-headed ogre!!
The two-headed ogre is moderately wounded.
Unknown command.
Unknown command.
Casting: Lee's Rapid Deconstruction (safe; 1% risk of failure)
Confirm with . or Enter, or press ? or * to list all spells.
Aiming: Lee's Rapid Deconstruction (safe; 1% risk of failure)
Press: ? - help, Dir - move target A rock wall.
The wall shatters!
The blast of rock fragments hits the two-headed ogre!
The two-headed ogre is heavily wounded.
Unknown command.
Unknown command.
Casting: Lee's Rapid Deconstruction (safe; 1% risk of failure)
Confirm with . or Enter, or press ? or * to list all spells.
Aiming: Sandblast (safe; 0% risk of failure)
Press: ? - help, Shift-Dir - straight line The blast of sand hits the two-headed ogre.
The two-headed ogre is severely wounded.
The two-headed ogre hits you with a +0 giant club!
The two-headed ogre barely misses you.
Unknown command.
Casting: Sandblast (safe; 0% risk of failure)
Confirm with . or Enter, or press ? or * to list all spells.
Aiming: Sandblast (safe; 0% risk of failure)
Press: ? - help, Shift-Dir - straight line, f - two-headed ogre
Aim: a two-headed ogre, wielding a +0 giant club and a +0 giant spiked club (severely wounded, 92% to hit)
The blast of sand hits the two-headed ogre!
The two-headed ogre is almost dead.
The two-headed ogre closely misses you.
The two-headed ogre hits you with a +0 giant spiked club!!
Ouch! That really hurt!
You die...

▓▓▓▓▓▓▓▓▓ ▓▓▓
▓<..#[..#### ##.######
▓...#......#####..#___#_
▓..##.......#..#..#)..#_
▓##.##.##...#..#..###'#÷
##p##O###..##'#..#.....
▓#.####@##..###...'.⌠...
▓.###..##..####...#...##
▓#.....##..###....#.⌠.#_
###..##)..##.....#...#_
##..##....#..O...#'###_
#..###..##.#.....#.).#_
#..# #..#####....#___#_
▓▓▓▓ ▓▓▓▓ ▓▓▓▓▓▓▓▓▓▓▓


You could see a two-headed ogre.

Vanquished Creatures
  A deep elf pyromancer (D)
  A shadow (D)
  A spatial vortex (D)
  A necrophage (D)
  3 two-headed ogres (D)
  A water elemental (D)
  A jelly (D)
  Jessica (D)
  A wizard (D)
  A necromancer (D)
  A kobold demonologist (D)
  3 humans (D)
  A phantom (D)
  2 endoplasms (D)
  A rat (D)
20 creatures vanquished.

Notes
Turn   | Place    | Note
-------+----------+-------------------------------------------
     0 | D        | mhtbhm the Gargoyle Earth Elementalist began the quest for
                  | the Orb.
     0 | D        | Reached XP level 1. HP: 10/10 MP: 3/3
     9 | D        | Reached skill level 4 in Earth Magic
   138 | D        | Noticed Jessica
   142 | D        | Killed Jessica
   143 | D        | Reached skill level 6 in Earth Magic
   143 | D        | Reached XP level 2. HP: 15/15 MP: 0/6
   143 | D        | Reached XP level 3. HP: 19/19 MP: 0/7
   206 | D        | Learned a level 2 spell: Passwall
   210 | D        | Learned a level 3 spell: Stone Arrow
   299 | D        | Reached skill level 7 in Earth Magic
   468 | D        | Noticed a water elemental
   471 | D        | Killed a water elemental
   472 | D        | Reached skill level 5 in Spellcasting
   472 | D        | Reached skill level 8 in Earth Magic
   472 | D        | Reached XP level 4. HP: 24/24 MP: 1/11
   556 | D        | Found a radiant altar of Vehumet.
   556 | D        | Found a shimmering blue altar of Sif Muna.
   556 | D        | Found an ancient bone altar of Kikubaaqudgha.
   556 | D        | Noticed a wizard
   557 | D        | Killed a wizard
   558 | D        | Reached skill level 1 in Transmutations
   558 | D        | Reached skill level 9 in Earth Magic
   558 | D        | Reached XP level 5. HP: 28/28 MP: 8/12
   568 | D        | Became a worshipper of Vehumet
   578 | D        | Learned a level 5 spell: Lee's Rapid Deconstruction
   583 | D        | Learned a level 4 spell: Petrify
   631 | D        | Found a basalt altar of Yredelemnul.
   631 | D        | Found a shadowy altar of Dithmenos.
   631 | D        | Found a sacrificial altar of Ru.
   631 | D        | Noticed a necrophage
   634 | D        | Killed a necrophage
   635 | D        | Reached skill level 10 in Earth Magic
   635 | D        | Reached XP level 6. HP: 20/32 MP: 2/16
   756 | D        | Found a glowing silver altar of Zin.
   756 | D        | Found a glowing golden altar of the Shining One.
   756 | D        | Found a white marble altar of Elyvilon.
   756 | D        | Noticed a deep elf pyromancer
   758 | D        | Noticed a fire elemental
   758 | D        | Noticed a fire elemental
   758 | D        | Killed a deep elf pyromancer
   758 | D        | Reached * piety under Vehumet
   758 | D        | Offered knowledge of Shock by Vehumet.
   759 | D        | Reached skill level 13 in Earth Magic
   759 | D        | Reached XP level 7. HP: 36/36 MP: 6/20
   835 | D        | Found a hide-covered altar of Uskayaw.
   835 | D        | Found an iron altar of Okawaru.
   835 | D        | Found a bloodstained altar of Trog.
   835 | D        | Found an ornate altar of the Wu Jian Council.
   835 | D        | Noticed a human
   835 | D        | Noticed a human
   837 | D        | Killed a human
   837 | D        | Killed a human
   838 | D        | Reached skill level 5 in Stealth
   838 | D        | Reached skill level 10 in Spellcasting
   838 | D        | Reached XP level 8. HP: 41/41 MP: 10/22
   886 | D        | Reached ** piety under Vehumet
   886 | D        | Noticed a shadow
   892 | D        | Killed a shadow
   893 | D        | Reached skill level 14 in Earth Magic
  1004 | D        | Found a blossoming altar of Fedhas.
  1004 | D        | Found a stormy altar of Qazlal.
  1004 | D        | Found a snail-covered altar of Cheibriados.
  1004 | D        | Found a burning altar of Makhleb.
  1004 | D        | Found a shimmering altar of Xom.
  1005 | D        | Found a hazy altar of Hepliaklqana.
  1005 | D        | Found an opulent altar of Gozag.
  1005 | D        | Found a sparkling altar of Nemelex Xobeh.
  1005 | D        | Found a corrupted altar of Lugonu.
  1005 | D        | Found a viscous altar of Jiyva.
  1009 | D        | Offered knowledge of Poisonous Vapours by Vehumet.
  1099 | D        | Reached *** piety under Vehumet
  1115 | D        | Noticed a two-headed ogre
  1155 | D        | Slain by a two-headed ogre

Illustrated notes

Levels and vault maps discovered:
D:        dungeon_sprint_mu [sprint_mu_entry_cave, sprint_mu_temple_rooms,
          sprint_mu_d1_spiders, sprint_mu_d2_genie, sprint_mu_d3_branching,
          sprint_mu_orc_legion, sprint_mu_elf_gauntlet, sprint_mu_hive_nellie,
          sprint_mu_lair_fedhas, sprint_mu_vaults_butterflies,
          sprint_mu_slime_circle, sprint_mu_shoals_kraken,
          sprint_mu_snake_twists, sprint_mu_blade_basic,
          sprint_mu_crypt_chambers, sprint_mu_tomb_spiral,
          sprint_mu_vestibule_basic, sprint_mu_gehenna_hellfire,
          sprint_mu_dis_giant, sprint_mu_tartarus_statrot,
          sprint_mu_cocytus_islands, sprint_mu_zot1]

Skill      XL: |  1  2  3  4  5  6  7  8 |
---------------+-------------------------+-----
Earth Magic    | 6 8 9 10 13 14 | 14.9
Dodging        | 2 3 4 |  4.5
Spellcasting   | 3 5 7 9 10 11 | 11.7
Stealth        | 3 4 5 |  5.1
Transmutations | 1 |  1.0
Conjurations   | |  0.9

Action                   |  1- 3 |  4- 6 |  7- 9 || total
-------------------------+-------+-------+-------++-------
 Cast: Sandblast         |    16 |     1 |     5 ||    22
       Stone Arrow       |     4 |     2 |       ||     6
       Lee's Rapid Decon |       |     4 |    14 ||    18
Armor: Robe              |     2 |     1 |       ||     3
Dodge: Dodged            |     6 |     1 |     2 ||     9

Table legend: (Time is in decaauts)
 A = Elapsed time spent in this place.
 B = Non-inter-level travel time spent in this place.
 C = Inter-level travel time spent in this place.
 D = Time resting spent in this place.
 E = Time spent auto-exploring this place.
 F = Levels seen in this place.
 G = Mean time per level.
                   A        B        C        D        E       F      G
               +--------+--------+--------+--------+--------+-----+--------+
         Total |   1160 |   1160 |      0 |    840 |     13 |   1 | 1160.0 |
       Dungeon |   1160 |   1160 |      0 |    840 |     13 |   1 | 1160.0 |
               +--------+--------+--------+--------+--------+-----+--------+

Top non-repeatable levels by time:
       D: 1160 daAuts
